 Dungeon Crawl Stone Soup version 0.31.0-9-g3a7656b989 (webtiles) character file.

Game seed: 6432911128608185581

198 Descartes the Conjurer (level 5, -2/31 HPs)
             Began as an Octopode Hedge Wizard on Feb 2, 2024.
             Slain by an iguana (13 damage)
             ... on level 4 of the Dungeon.
             The game lasted 00:04:58 (4468 turns).

Descartes the Conjurer (Octopode Hedge Wizard)      Turns: 4468, Time: 00:04:59

Health: -2/31      AC:  1    Str:  9    XL:     5   Next: 76%
Magic:  0/9        EV: 13    Int: 19    God:
Gold:   199        SH:  0    Dex: 11    Spells: 0/10 levels left

rFire   . . .        a - +0 dagger
rCold   . . .        (no shield)
rNeg    . . .        b - +0 hat
rPois   .            (no amulet)
rElec   .            e - ring of flight
rCorr   +            h - ring of resist corrosion
SInv    .            (no ring)
Will    .....        (no ring)
Stlth   +++          (no ring)
HPRegen 0.25/turn    (no ring)
MPRegen 0.11/turn    (no ring)
                     (no ring)

%: no passive effects
@: flying
A: almost no armour, amphibious, 8 rings, camouflage 1, gelatinous body 1,
(nimble swimmer 1), tentacles
a: no special abilities


You were on level 4 of the Dungeon.
You visited 2 branches of the dungeon, and saw 6 of its levels.

You collected 199 gold pieces.

Inventory:

Hand Weapons
 a - a +0 dagger (weapon)
Missiles
 j - 7 javelins
Armour
 b - a +0 hat (worn)
Jewellery
 e - a ring of flight (left tentacle)
 h - a ring of resist corrosion (right tentacle)
Wands
 r - a wand of paralysis (7)
Scrolls
 d - 5 scrolls of identify {unknown}
 g - a scroll of torment {unknown}
 k - a scroll of poison {unknown}
 m - a scroll of amnesia {unknown}
 n - a scroll of revelation {unknown}
 p - a scroll of summoning {unknown}
Potions
 c - a potion of magic
 f - a potion of mutation {unknown}
 i - a potion of degeneration {unknown}
 l - a potion of heal wounds {unknown}
 o - a potion of curing {unknown}
 q - a potion of might {unknown}


   Skills:
 - Level 2.0 Dodging
 - Level 2.6 Stealth
 - Level 3.0 Spellcasting
 + Level 5.2 Conjurations
 - Level 1.0 Summonings
 - Level 1.0 Translocations
 + Level 1.5 Alchemy


You couldn't memorise any spells.
You knew the following spells:

 Your Spells              Type           Power      Damage    Failure   Level
a - Magic Dart            Conj           88%        1d7       1%          1
b - Blink                 Tloc           12%        N/A       16%         2
c - Mephitic Cloud        Conj/Alch/Air  11%        N/A       19%         3
d - Olgreb's Toxic Radia  Alch           8%         N/A       63%         4

Your spell library contained the following spells:

 Spells                   Type           Power      Damage    Failure   Level
 Searing Ray              Conj           44%        2d6       2%          2
 Sting                    Conj/Alch      60%        1d6       3%          1
 Kiss of Death            Conj/Necr      48%        2d9       5%          1
 Slow                     Hex            8%         N/A       16%         1
 Call Imp                 Summ           12%        N/A       16%         2
 Mercury Vapours          Alch/Air       10%        N/A       17%         2
 Cigotuvi's Dreadful Rot  Necr/Alch/Air  8%         N/A       19%         2
 Volatile Blastmotes      Fire/Tloc      8%         2d10      36%         3
 Fulminant Prism          Conj/Alch      7%         3d7       36%         4
 Iskenderun's Mystic Bla  Conj/Tloc      14%        2d5       38%         4
 Confusing Touch          Hex            2%         N/A       41%         3
 Dispel Undead            Necr           2%         3d7       83%         4


Dungeon Overview and Level Annotations

Branches:
Dungeon (5/15)             Temple (1/1) D:4

Altars:
Ashenzari
Cheibriados
Dithmenos
Elyvilon
Fedhas
Hepliaklqana
Makhleb
Okawaru
Qazlal
Ru
Sif Muna
Trog
Uskayaw
Vehumet
Xom
Yredelemnul
Zin
The Shining One


Innate Abilities, Weirdness & Mutations

You cannot wear most types of armour.
You are amphibious.
You can wear up to eight rings at the same time.
Your skin changes colour to match your surroundings (Stealth+).
Your rubbery body absorbs attacks. (AC +1, EV +1)
((You are camouflaged when in or above water. (Stealth+)))
You have tentacles for arms and can constrict up to eight enemies at once.


Message History

The magic dart hits the iguana but does no damage.
The iguana is almost dead.
The iguana bites you.
Casting: Magic Dart (safe; 1% risk of failure)
Confirm with . or Enter, or press ? or * to list all spells.
Aiming: Magic Dart (safe; 1% risk of failure)
Press: ? - help, Shift-Dir - straight line, f/p - iguana
Aim: an iguana (almost dead, 100% to hit)
The magic dart hits the iguana but does no damage.
The iguana is almost dead.
The iguana completely misses you.
Casting: Magic Dart (safe; 1% risk of failure)
Confirm with . or Enter, or press ? or * to list all spells.
You don't have enough magic to cast this spell.
Casting: Magic Dart (safe; 1% risk of failure)
Confirm with . or Enter, or press ? or * to list all spells.
You don't have enough magic to cast this spell.
Casting: Magic Dart (safe; 1% risk of failure)
Confirm with . or Enter, or press ? or * to list all spells.
You don't have enough magic to cast this spell.
Unknown command.
HP restored.
The iguana bites you!
You fly upwards.
There is a stone staircase leading down here.
Casting: Magic Dart (safe; 1% risk of failure)
Confirm with . or Enter, or press ? or * to list all spells.
Aiming: Magic Dart (safe; 1% risk of failure)
Press: ? - help, Shift-Dir - straight line, f - iguana
Aim: an iguana (almost dead, 100% to hit)
The magic dart hits the iguana but does no damage.
The iguana is almost dead.
The iguana bites you!
Casting: Magic Dart (safe; 1% risk of failure)
Confirm with . or Enter, or press ? or * to list all spells.
You don't have enough magic to cast this spell.
You completely miss the iguana. You grab the iguana.
The iguana is almost dead.
You constrict the iguana, but do no damage.
The iguana bites you!
You die...

###### #....# #....#
#....# ######
#....##########
#....#
#.....>.......#
#....#
#....##..(....#
#....#
#....###..@l..#
#....# #.>..#
#......# #....##
#....# #......#
##.....## ###.##
#......## #........
#.#
#.......####........
#.#
###......#.......###
#.# #....#...#######
# #.# #........### #
#.# #.....##...## #


You could see an iguana.

Vanquished Creatures
  A hound (D:3)
  A jelly (D:4)
  7 adders
  2 dart slugs
  8 orcs
  8 ball pythons
  5 endoplasms
  4 giant cockroaches
  4 goblins
  3 hobgoblins
  2 jackals (D:3)
  6 kobolds
  2 quokkas (D:2)
  2 bats (D:2)
  3 frilled lizards
  7 rats
65 creatures vanquished.

Notes
Turn   | Place    | Note
-------+----------+-------------------------------------------
     0 | D:1      | Descartes the Octopode Hedge Wizard began the quest for the
                  | Orb.
     0 | D:1      | Reached XP level 1. HP: 11/11 MP: 4/4
   269 | D:1      | Reached skill level 2 in Conjurations
   269 | D:1      | Reached XP level 2. HP: 14/17 MP: 1/6
  1167 | D:2      | Reached XP level 3. HP: 21/21 MP: 5/7
  1217 | D:2      | Reached skill level 3 in Conjurations
  1416 | D:2      | Learned a level 2 spell: Blink
  2398 | D:3      | Reached XP level 4. HP: 21/27 MP: 2/8
  2541 | D:3      | Found a snail-covered altar of Cheibriados.
  2668 | D:3      | Reached skill level 4 in Conjurations
  2763 | D:3      | Found a radiant altar of Vehumet.
  2884 | D:3      | Reached XP level 5. HP: 24/31 MP: 1/9
  3058 | D:3      | Found a broken altar of Ashenzari.
  3343 | D:3      | Learned a level 3 spell: Mephitic Cloud
  3348 | D:3      | Learned a level 4 spell: Olgreb's Toxic Radiance
  3496 | D:3      | Found a shimmering blue altar of Sif Muna.
  3496 | D:3      | Found a glowing silver altar of Zin.
  3760 | D:4      | Reached skill level 5 in Conjurations
  3856 | D:4      | Found a staircase to the Ecumenical Temple.
  3868 | Temple   | Entered the Ecumenical Temple
  4113 | D:4      | Reached skill level 1 in Alchemy
  4455 | D:5      | Entered Level 5 of the Dungeon
  4468 | D:4      | Slain by an iguana

Illustrated notes

Levels and vault maps discovered:
D:1:      onia_arrival_pentagram, layout_basic, serial_glass, glass_columns_b,
          glass_columns_b, glass_columns_b, glass_columns_a,
          minmay_misc_feat_four_crosses
D:2:      layout_basic
D:3:      layout_loops_ring, fiery_altar_vehumet, mainiacjoe_overflow_alcove_2,
          cheibriados_altar_1, amethyst_overflow_temple_binary
D:4:      layout_rooms, minmay_temple_entry_glassed_door, amethyst_killhole,
          kennysheep_nondescript, minmay_misc_feat_columns
D:5:      layout_loops_ring, amcnicky_altar_gilded,
          nicolae_overflow_hidden_temple, serial_bayou_lagoon_a,
          hangedman_decor_diamond_cutter
Temple:   oiseaux_autumnal_temple

Skill      XL: |  1  2  3  4  5 |
---------------+----------------+-----
Conjurations   | 2 3 4 5 |  5.2
Alchemy        | 1 |  1.5
Dodging        | |  2.0
Stealth        | |  2.6
Spellcasting   | |  3.0
Summonings     | |  1.0
Translocations | |  1.0

Action                     |  1- 3 |  4- 6 || total
---------------------------+-------+-------++-------
  Melee: Dagger            |     4 |     9 ||    13
         Constrict         |     1 |     2 ||     3
         Tentacles         |     1 |       ||     1
   Cast: Magic Dart        |   104 |    83 ||   187
 Armour: Skin              |    15 |    19 ||    34
  Dodge: Dodged            |    10 |    17 ||    27
